 Dungeon Crawl Stone Soup version bcrawl-1.18.1 (webtiles) character file.

Game seed: 6340096968173187241

23263 Revguard the Bludgeoner (level 13, -6/216 HPs)
             Began as an Ogre Berserker on Nov 15, 2019.
             Was an Elder of Trog.
             Shot with an arrow by a centaur warrior (25 damage)
             ... on level 12 of the Dungeon.
             The game lasted 00:38:10 (11401 turns).

Revguard the Bludgeoner (Ogre Berserker)           Turns: 11401, Time: 00:38:10

Health: -6/216     AC:  7    Str: 29    XL:     13   Next: 5%
Magic:  15/15      EV: 13    Int:  8    God:    Trog [****..]
Gold:   667        SH:  0    Dex: 12    Spells: 12/12 levels left

rFire    . . .     SeeInvis +   e - +0 giant spiked club
rCold    . . .     Gourm    .   (shield currently unavailable)
rNeg     . . .     Faith    .   n - +2 troll leather armour {Purgy}
rPois    .         Spirit   .   a - +2 hat
rElec    +         Reflect  .   (no cloak)
rCorr    .         Harm     .   (gloves unavailable)
MR       +++..                  (boots unavailable)
Stlth    ..........             (no amulet)
HPRegen  1.86/turn              v - ring of see invisible
MPRegen  0.14/turn              C - ring of insulation

@: berserking, starving, regenerating, very quick
A: large, unfitting armour, horns 1, blink, deformed body, high mp 1, tough skin
1, wild magic 1
a: Blink, Berserk, Trog's Hand, Brothers in Arms, Renounce Religion


You were on level 12 of the Dungeon.
You worshipped Trog.
Trog was greatly pleased with you.
You were starving.

You visited 1 branch of the dungeon, and saw 12 of its levels.

You collected 931 gold pieces.
You spent 264 gold pieces at shops.

Inventory:

Hand Weapons
 e - a +0 giant spiked club (weapon)
 z - a +0 morningstar
 L - the +5 scythe "Finisher" {speed, eviscerate}
   (You found it on level 10 of the Dungeon)

   Attacks with this weapon are significantly faster.
 O - a +5 dire flail of crushing
Missiles
 u - 207 large rocks (quivered)
 F - 2 throwing nets {!f}
Armour
 a - a +2 hat (worn)
 n - a +2 troll leather armour (worn) {Purgy}
Jewellery
 q - an uncursed amulet of rage
 v - a ring of see invisible (left hand)
 C - a ring of insulation (right hand)
 H - an uncursed ring of poison resistance
 M - an uncursed ring of protection from fire
 N - an uncursed ring of resist corrosion
Wands
 b - a wand of random effects (3)
 f - a wand of flame (31)
 w - a wand of paralysis (8)
 y - a wand of iceblast (3)
 G - a wand of digging (16)
 J - a wand of acid (6)
Scrolls
 j - 2 scrolls of teleportation
 k - a scroll of silence
 l - 4 scrolls of remove curse
 o - 3 scrolls of fog
 t - a scroll of noise
 x - a scroll of magic mapping
 A - 6 scrolls of immolation
 E - a scroll of summoning
Potions
 d - 2 potions of flight
 g - 3 potions of cancellation
 h - 7 potions of curing
 i - a potion of resistance
 m - a potion of berserk rage
 p - 2 potions of heal wounds
 s - 2 potions of agility
 D - 2 potions of magic
 I - a potion of might
 K - a potion of brilliance
Miscellaneous
 B - a fan of gales
Comestibles
 c - 23 rations {!d}


   Skills:
 + Level 13.1 Fighting
 + Level 18.2 Maces & Flails
 + Level 1.2 Throwing
 + Level 4.9 Armour
 + Level 7.7 Dodging
 + Level 1.0 Evocations


You had 12 spell levels left.
You didn't know any spells.
Your spell library was empty.

Dungeon Overview and Level Annotations

Branches:
Dungeon (12/12)            Temple (0/1) D:5            Lair (0/6) D:8
    Orc (0/1) D:8          Depths (0/5) D:12
 Vaults: D:11-12

Altars:
Ashenzari
Cheibriados
Dithmenos
Fedhas
Gozag
Hepliaklqana
Kikubaaqudgha
Lugonu
Makhleb
Okawaru
Qazlal
Sif Muna
Vehumet
Wu Jian

Shops:
D:10 *   D:11 [}   D:12 %

Portals:
Trove: D:11 (give 7 potions of haste)

Annotations:
D:10 Psyche


Innate Abilities, Weirdness & Mutations

You are too large for most types of armour.
You have tough skin. (AC +1)
You have a pair of small horns on your head.
You can translocate small distances at will.
Armour fits poorly on your strangely shaped body.
You have an increased reservoir of magic. (+10% MP)
Your spells are a little harder to cast, but a little more powerful.


Message History

The centaur shoots an arrow.
The arrow hits you.
* * * LOW HITPOINT WARNING * * *
The centaur closely misses you.
Your ogre barely misses the centaur warrior.
The centaur barely misses you.
You closely miss the centaur. You headbutt the centaur!
You kill the centaur!
Trog accepts your kill.
You impale the centaur!!
You kill the centaur!
Trog accepts your kill.
You barely miss the centaur warrior. The centaur warrior closely misses you.
The centaur shoots an arrow.
The arrow hits you!
* * * LOW HITPOINT WARNING * * *
The centaur warrior closely misses you.
Your ogre hits the centaur warrior with a +0 giant spiked club!
You feel a strong urge to attack something.
The centaur warrior wields a +0 shortbow.
The centaur warrior shoots an arrow.
The arrow hits you!!
You die...

.,,...#.,,*,,,,,,,,* *,*,,,,,*,,,
.#*#...######**#...# *,**********
..##........*,,,...# *,,,,,,,,,,,
........#..,*,,,...# ****,,,,***,
#........######*,..## **,,,,,,,
##.............,,...# *,,,,,,,
#..........##****#O.######,,,,,,,
............######)c......,,,,,,,
.(......####....@..)......,,,,,,,
........#,,#######)D#c....,,,,,,,
.......##,,* ***#........,,,,,,*
......##**,****>*#........,,,,,,*
.....## *,,,,,,**#.....##,,,,,,,*
.....# *≈,*,≈,* #....##**,,,,,,*
....## *,,*,,,* #...## *,,,,,,,
#,,,,* **,****,**##..# *,,,,,,,
#*,,,***,,,*,,,,,,*,,* *,,,,,,,


You could see an eight-headed hydra, a centaur warrior and a centaur.

Vanquished Creatures
  A centaur warrior (D:11)
  3 two-headed ogres
  2 tengu warriors (D:11)
  A sixfirhy (D:7)
  4 lindwurms (D:8)
  3 cyclopes
  2 ugly things
  Pikel (D:5)
  A manticore (D:10)
  2 centaur zombies (D:12)
  Joseph (D:10)
  6 trolls
  5 slime creatures (D:9)
  5 hippogriffs
  Sigmund (D:3)
  A shadow (D:10)
  A vampire (D:10)
  7 yaks
  3 wyverns
  2 wraiths (D:10)
  3 hogs (D:8)
  A human (D:8)
  9 orc warriors
  Purgy (D:4)
  A black bear (D:6)
  A hornet zombie (D:11)
  An ice beast (D:6)
  2 sky beasts
  4 slaves (D:5)
  10 ogres
  2 phantoms
  An eye of draining (D:8)
  9 centaurs
  A crocodile (D:10)
  5 bullfrogs
  2 big kobolds
  Blork the orc (D:4)
  A wyvern zombie (D:7)
  4 killer bees (D:10)
  5 wights (D:10)
  A howler monkey (D:5)
  6 crimson imps
  2 bullfrog zombies
  7 orc priests
  5 centaur skeletons
  8 hounds
  8 orc wizards
  A bullfrog skeleton (D:9)
  4 iguanas
  Terence (D:2)
  5 worker ants
  A hound zombie (D:5)
  A howler monkey zombie (D:5)
  2 worker ant zombies (D:7)
  10 gnolls
  12 adders
  3 shadow imps
  An adder skeleton (D:7)
  A dart slug (D:4)
  6 leopard geckos
  49 orcs
  4 bats
  3 giant cockroaches
  9 hobgoblins
  19 jackals
  6 quokkas
  A ball python (D:2)
  5 frilled lizards
  4 goblins
  A jackal skeleton (D:6)
  13 kobolds
  3 rats
318 creatures vanquished.

Vanquished Creatures (collateral kills)
  A centaur (D:12)
1 creature vanquished.

Grand Total: 319 creatures vanquished

Notes
Turn   | Place    | Note
-------+----------+-------------------------------------------
     0 | D:1      | Revguard the Ogre Berserker began the quest for the Orb.
     0 | D:1      | Reached XP level 1. HP: 24/24 MP: 1/1
   124 | D:1      | Reached XP level 2. HP: 30/32 MP: 2/2
   334 | D:1      | Reached skill level 4 in Maces & Flails
   587 | D:1      | Reached XP level 3. HP: 37/40 MP: 3/3
   759 | D:2      | Noticed Terence
   769 | D:2      | Killed Terence
   920 | D:2      | Reached ** piety under Trog
   938 | D:2      | Reached XP level 4. HP: 26/49 MP: 4/4
  1120 | D:2      | Found a snail-covered altar of Cheibriados.
  1322 | D:2      | Gained mutation: Your spells are a little easier to cast,
                  | but a little less powerful. [potion of mutation]
  1322 | D:2      | Gained mutation: You are partially covered in slimy green
                  | scales. (AC +2) [potion of mutation]
  1323 | D:2      | Lost mutation: Your spells are a little easier to cast, but
                  | a little less powerful. [potion of mutation]
  1323 | D:2      | Lost mutation: You are partially covered in slimy green
                  | scales. (AC +2) [potion of mutation]
  1323 | D:2      | Gained mutation: Your spells are a little easier to cast,
                  | but a little less powerful. [potion of mutation]
  1323 | D:2      | Gained mutation: You are weak. (Str -2) [potion of
                  | mutation]
  1323 | D:2      | Gained mutation: You have an increased reservoir of magic.
                  | (+10% MP) [potion of mutation]
  1660 | D:3      | Reached XP level 5. HP: 55/55 MP: 5/5
  1692 | D:3      | HP: 2/55 [gnoll/+0 club (11)]
  1701 | D:3      | Reached skill level 5 in Maces & Flails
  1924 | D:3      | Reached skill level 5 in Fighting
  1962 | D:3      | Noticed an ogre
  1968 | D:3      | Killed an ogre
  1968 | D:3      | Reached XP level 6. HP: 66/66 MP: 6/6
  2284 | D:3      | Found a shimmering blue altar of Sif Muna.
  2678 | D:3      | Reached skill level 6 in Maces & Flails
  2776 | D:3      | Found a corrupted altar of Lugonu.
  2944 | D:3      | Noticed Sigmund
  2970 | D:3      | Killed Sigmund
  2970 | D:3      | Reached XP level 7. HP: 20/74 MP: 7/7
  3375 | D:3      | Found an iron altar of Okawaru.
  3375 | D:3      | Found a stormy altar of Qazlal.
  3517 | D:4      | Found a radiant altar of Vehumet.
  3684 | D:4      | Found an ornate altar of the Wu Jian Council.
  3687 | D:4      | Found a shadowy altar of Dithmenos.
  3696 | D:4      | Found a blossoming altar of Fedhas.
  3699 | D:4      | Reached skill level 5 in Dodging
  3769 | D:4      | Reached skill level 7 in Maces & Flails
  4059 | D:4      | Noticed Purgy
  4071 | D:4      | Killed Purgy
  4104 | D:4      | Reached skill level 8 in Maces & Flails
  4104 | D:4      | Reached XP level 8. HP: 66/84 MP: 8/8
  4141 | D:4      | Found a hazy altar of Hepliaklqana.
  4295 | D:4      | Found an ancient bone altar of Kikubaaqudgha.
  4659 | D:4      | Noticed Blork the orc
  4660 | D:4      | Killed Blork the orc
  4742 | D:5      | Entered Level 5 of the Dungeon
  4742 | D:5      | Noticed Pikel
  4756 | D:5      | Killed Pikel
  4756 | D:5      | Reached skill level 9 in Maces & Flails
  4756 | D:5      | Reached skill level 1 in Armour
  5000 | D:5      | Found a shattered altar of Ashenzari.
  5218 | D:5      | Found a staircase to the Ecumenical Temple.
  5246 | D:5      | Reached XP level 9. HP: 68/93 MP: 9/9
  5287 | D:5      | Reached skill level 10 in Maces & Flails
  5902 | D:6      | Reached skill level 11 in Maces & Flails
  6362 | D:7      | Reached skill level 12 in Maces & Flails
  6367 | D:7      | Reached *** piety under Trog
  6367 | D:7      | Reached XP level 10. HP: 86/105 MP: 11/11
  6929 | D:7      | Found a runed door.
  6931 | D:7      | Noticed a sixfirhy
  7075 | D:7      | Killed a sixfirhy
  7075 | D:7      | Reached skill level 13 in Maces & Flails
  7197 | D:8      | Reached skill level 1 in Throwing
  7304 | D:8      | Noticed a lindwurm
  7430 | D:8      | Found a staircase to the Lair.
  7526 | D:8      | Noticed a lindwurm
  7526 | D:8      | Noticed a lindwurm
  7529 | D:8      | Noticed a lindwurm
  7544 | D:8      | Reached skill level 14 in Maces & Flails
  7666 | D:8      | Killed a lindwurm
  7666 | D:8      | Reached XP level 11. HP: 113/117 MP: 12/12
  7667 | D:8      | Killed a lindwurm
  7667 | D:8      | Reached skill level 10 in Fighting
  7669 | D:8      | Killed a lindwurm
  7671 | D:8      | Killed a lindwurm
  7754 | D:9      | Reached skill level 15 in Maces & Flails
  7928 | D:9      | Reached **** piety under Trog
  7946 | D:9      | Noticed a two-headed ogre
  7955 | D:9      | Killed a two-headed ogre
  7978 | D:9      | Found an opulent altar of Gozag.
  8792 | D:8      | Found a burning altar of Makhleb.
  8963 | D:8      | Found a staircase to the Orcish Mines.
  9009 | D:10     | Entered Level 10 of the Dungeon
  9042 | D:10     | Noticed Joseph
  9051 | D:10     | Killed Joseph
  9051 | D:10     | Reached skill level 16 in Maces & Flails
  9122 | D:10     | Reached ***** piety under Trog
  9201 | D:10     | Noticed a cyclops
  9223 | D:10     | Reached XP level 12. HP: 88/130 MP: 13/13
  9733 | D:10     | Noticed Psyche
  9866 | D:10     | Reached skill level 17 in Maces & Flails
  9894 | D:10     | Found Soelyil's Assorted Antiques.
  9902 | D:10     | Bought a potion of mutation for 264 gold pieces
  9902 | D:10     | Lost mutation: You are weak. (Str -2) [potion of mutation]
  9902 | D:10     | Lost mutation: Your spells are a little easier to cast, but
                  | a little less powerful. [potion of mutation]
  9902 | D:10     | Gained mutation: You can translocate small distances at
                  | will. [potion of mutation]
  9902 | D:10     | Gained mutation: Armour fits poorly on your strangely
                  | shaped body. [potion of mutation]
  9902 | D:10     | Gained mutation: You have a pair of small horns on your
                  | head. [potion of mutation]
  9902 | D:10     | Gained mutation: Your spells are a little harder to cast,
                  | but a little more powerful. [potion of mutation]
 10030 | D:10     | Found the +5 scythe "Finisher" {speed, eviscerate}
 10038 | D:10     | Received a gift from Trog
 10228 | D:11     | Noticed a tengu warrior
 10228 | D:11     | Noticed a tengu warrior
 10236 | D:11     | Killed a tengu warrior
 10240 | D:11     | Killed a tengu warrior
 10240 | D:11     | Reached skill level 1 in Evocations
 10306 | D:11     | Noticed a centaur warrior
 10314 | D:11     | Killed a centaur warrior
 10628 | D:11     | Found Ynetoq's Book Shoppe.
 10721 | D:11     | Found Fysi's Armour Emporium.
 10740 | D:11     | Found Vyetyese's Gadget Boutique.
 10882 | D:11     | Noticed a two-headed ogre
 10890 | D:11     | Killed a two-headed ogre
 11021 | D:11     | Noticed a two-headed ogre
 11029 | D:11     | Killed a two-headed ogre
 11029 | D:11     | Reached skill level 18 in Maces & Flails
 11184 | D:11     | Found a portal to a secret trove of treasure.
 11308 | D:12     | Entered Level 12 of the Dungeon
 11347 | D:12     | Reached XP level 13. HP: 51/144 MP: 15/15
 11357 | D:12     | Found Xeilut's Food Shop.
 11401 | D:12     | Shot with an arrow by a centaur warrior

Skill      XL: |  1  2  3  4  5  6  7  8  9 10 11 12 |
---------------+-------------------------------------+-----
Dodging        | 3 4 5 6 7 |  7.7
Maces & Flails | 4 5 6 8 9 12 14 16 18 | 18.2
Fighting       | 5 6 7 8 9 11 13 | 13.1
Armour         | 2 3 4 |  4.9
Throwing       | 1 |  1.2
Evocations     | 1 |  1.0

Action                   |  1- 3 |  4- 6 |  7- 9 | 10-12 | 13-15 || total
-------------------------+-------+-------+-------+-------+-------++-------
Melee: Mace              |    99 |    98 |       |       |       ||   197
       Giant spiked club |       |    79 |   225 |   370 |    10 ||   684
       Headbutt          |       |       |       |    16 |     3 ||    19
Throw: Large rock        |       |       |     2 |     8 |       ||    10
Invok: Berserk           |     1 |     3 |     7 |     8 |     1 ||    20
       Trog's Hand       |       |     3 |     5 |     8 |     1 ||    17
       Brothers in Arms  |       |       |       |       |     1 ||     1
Evoke: Wand              |       |       |       |    13 |       ||    13
  Use: Scroll            |       |     8 |     9 |    13 |       ||    30
       Potion            |       |     8 |     5 |     2 |       ||    15
 Stab: Sleeping          |       |     3 |       |       |       ||     3
  Eat: Chunk             |     1 |     9 |    17 |    27 |       ||    54
       Ration            |       |       |     1 |       |       ||     1
Armor: Animal skin       |    40 |    34 |    22 |       |       ||    96
       Troll leather arm |       |       |    76 |   176 |    12 ||   264
Dodge: Dodged            |    57 |   109 |   196 |   325 |    27 ||   714
